 Dungeon Crawl Stone Soup version 0.21.1-1-g345015f (webtiles) character file.

2716 kae the Martial Artist (level 9, 0/62 HPs)
             Began as an Octopode Transmuter on May 26, 2018.
             Was an Initiate of Cheibriados.
             Slain by a sky beast (1 damage)
             ... on level 8 of the Dungeon.
             The game lasted 00:08:24 (5731 turns).

kae the Martial Artist (Octopode Transmuter)        Turns: 5731, Time: 00:08:25

Health: 0/62       AC:  3    Str:  7 (10) XL:     9   Next: 66%
Magic:  21/26      EV: 16    Int: 17 (19) God:    Cheibriados [......]
Gold:   354        SH:  0    Dex: 13 (16) Spells: 8/19 levels left

rFire    . . .     SeeInvis .     - Unarmed
rCold    + + .     Gourm    .   (shield currently unavailable)
rNeg     . . .     Faith    .   (helmet restricted)
rPois    .         Spirit   .   j - amulet of regeneration
rElec    .         Reflect  .   p - ring of magical power
rCorr    .         Harm     .   s - ring of fire
MR       .....                  v - ring of ice
Stlth    ++........             (no ring)
HPRegen  0.60/turn              (no ring)
MPRegen  0.20/turn              (no ring)
                                (no ring)
                                (no ring)

@: blade tentacles, very slightly contaminated, drained, invisible, very slow
A: almost no armour, stealthy swim, amphibious, 8 rings, constrict 8, molten
scales 1, camouflage 1, clever 1, cold resistance 2, gelatinous body 1
a: End Transformation, Bend Time, Renounce Religion


You were on level 8 of the Dungeon.
You worshipped Cheibriados.
Cheibriados was noncommittal.
You were near starving.
You had blades for tentacles.
You visited 2 branches of the dungeon, and saw 9 of its levels.

You collected 354 gold pieces.

Inventory:

Missiles
 a - 165 arrows
 g - 187 stones (quivered)
Jewellery
 j - an amulet of regeneration (around mantle)
 p - a ring of magical power (left scythe-like blade)
 s - a ring of fire (right scythe-like blade)
 v - a ring of ice (on tentacle)
Wands
 l - a wand of iceblast (10)
 o - a wand of random effects (49)
 r - a wand of acid (11)
Scrolls
 d - 2 scrolls of enchant armour {unknown}
 f - 2 scrolls of amnesia
 h - 5 scrolls of identify
 k - 2 scrolls of magic mapping
 q - 2 scrolls of remove curse
 t - a scroll of torment {unknown}
 u - a scroll of enchant weapon
Potions
 e - a potion of invisibility
 i - 3 potions of haste
 m - a potion of degeneration
 n - a potion of berserk rage {unknown}
 x - a potion of brilliance {unknown}
Books
 b - a book of Changes

   Spells                             Type                      Level
   a - Beastly Appendage              Transmutation                1
   b - Sticks to Snakes               Transmutation                2
   c - Spider Form                    Transmutation/Poison         3
   d - Ice Form                       Ice/Transmutation            4
   e - Blade Hands                    Transmutation                5
 w - a book of Minor Magic

   Spells                             Type                      Level
   a - Magic Dart                     Conjuration                  1
   b - Blink                          Translocation                2
   c - Call Imp                       Summoning                    2
   d - Slow                           Hexes                        2
   e - Conjure Flame                  Conjuration/Fire             3
   f - Mephitic Cloud                 Conjuration/Poison/Air       3
Comestibles
 c - 13 rations


   Skills:
 + Level 5.7(5.1) Fighting
 + Level 6.1(5.4) Dodging
 * Level 8.9(8.2) Unarmed Combat
 + Level 5.5(4.9) Spellcasting
 * Level 8.5(7.9) Transmutations


You had 8 spell levels left.
You knew the following spells:

 Your Spells              Type           Power        Failure   Level  Hunger
a - Beastly Appendage     Tmut           ####..       12%         1    None
b - Sticks to Snakes      Tmut           ####....     14%         2    #......
c - Spider Form           Tmut/Pois      ###.......   43%         3    ###....
d - Blade Hands           Tmut           ####......   56%         5    ######.


Dungeon Overview and Level Annotations

Branches:
Dungeon (9/15)             Temple (1/1) D:6
   Lair: D:8-11         Orc: D:9-12

Altars:
Ashenzari
Cheibriados
Dithmenos
Elyvilon
Fedhas
Gozag
Hepliaklqana
Kikubaaqudgha
Makhleb
Nemelex Xobeh
Okawaru
Qazlal
Ru
Sif Muna
Trog
Uskayaw
Vehumet
Wu Jian
Yredelemnul
Zin
The Shining One

Shops:
D:5 :


Innate Abilities, Weirdness & Mutations

You cannot wear most types of armour.
You are very stealthy in the water. (Stealth+)
You are amphibious.
You can wear up to eight rings at the same time.
You can use your tentacles to constrict eight enemies at once.
Your skin changes colour to match your surroundings (Stealth+).
Your rubbery body absorbs attacks. (AC +1, EV +1)
You are partially covered in molten scales. (AC +2)
Your mind is acute. (Int +2)
Your flesh is very cold resistant. (rC++)


Message History

Something hits you but does no damage.
You barely miss something. Something hits you.
* * * LOW HITPOINT WARNING * * *
Something shocks you.
* * * LOW HITPOINT WARNING * * *
You bludgeon something!
You tentacle-slap something but do no damage.
Something hits you.
* * * LOW HITPOINT WARNING * * *
Something shocks you.
* * * LOW HITPOINT WARNING * * *
Casting: Blade Hands
Confirm with . or Enter, or press ? or * to list all spells.
Your tentacles turn into razor-sharp scythe blades.
Something hits you.
* * * LOW HITPOINT WARNING * * *
Something shocks you.
* * * LOW HITPOINT WARNING * * *
Something hits you.
You die...

###.........#
.........$..# ..
............# ..$
...........# ....
...........##...
................
).....).....# ..
........))..#..<.
.......)@........
....##..#.#......
... #..).# .....
.. #.#..# .### .
#.#..# .. #.#..#
## #.#.># #.##.#
#. #.#


There were no monsters in sight!

Vanquished Creatures
  A hippogriff (D:5)
  Sigmund (D:5)
  A sky beast (D:5)
  A phantom (D:4)
  2 ice beasts (D:5)
  An ogre (D:8)
  3 centaurs
  Blork the orc (D:4)
  A bullfrog (D:6)
  A water moccasin zombie (D:5)
  A scorpion (D:5)
  3 wights (D:8)
  2 howler monkeys
  3 crimson imps
  4 hounds
  A bullfrog skeleton (D:5)
  3 orc priests
  4 orc wizards
  A gnoll shaman (D:5)
  2 worker ants (D:6)
  2 iguanas (D:4)
  Ijyb (D:5)
  A killer bee zombie (D:5)
  2 hound skeletons
  Robin (D:2)
  10 gnolls
  A howler monkey skeleton (D:4)
  11 adders
  9 river rats (D:5)
  A shadow imp (D:5)
  An adder zombie (D:5)
  A worm (D:5)
  2 dart slugs
  2 leopard geckos
  13 orcs
  8 bats
  2 giant cockroaches
  15 goblins
  6 hobgoblins
  12 jackals
  5 kobolds
  9 quokkas
  2 ball pythons
  6 frilled lizards
  A leopard gecko skeleton (D:4)
  A leopard gecko zombie (D:6)
  18 rats
180 creatures vanquished.

Vanquished Creatures (others)
  10 fungi (D:9)
  A plant (D:9)
11 creatures vanquished.

Grand Total: 191 creatures vanquished

Notes
Turn   | Place    | Note
-------+----------+-------------------------------------------
     0 | D:1      | kae the Octopode Transmuter began the quest for the Orb.
     0 | D:1      | Reached XP level 1. HP: 13/13 MP: 3/3
    86 | D:1      | Reached XP level 2. HP: 13/18 MP: 3/5
   693 | D:2      | Noticed Robin
   694 | D:2      | Reached XP level 3. HP: 23/23 MP: 6/6
   774 | D:2      | Gained mutation: Your mind is acute. (Int +2) [potion of mutation]
   774 | D:2      | Gained mutation: Your flesh is cold resistant. (rC+) [potion of mutation]
   774 | D:2      | Gained mutation: You are partially covered in molten scales. (AC +2) [potion of mutation]
   774 | D:2      | Gained mutation: Your flesh is very cold resistant. (rC++) [potion of mutation]
   774 | D:2      | Killed Robin
   774 | D:2      | Reached XP level 4. HP: 4/28 MP: 5/7
  1061 | D:2      | Noticed an ice beast
  1384 | D:1      | Learned a level 2 spell: Sticks to Snakes
  1388 | D:1      | Learned a level 3 spell: Spider Form
  2296 | D:3      | Reached XP level 5. HP: 28/34 MP: 8/8
  2396 | D:3      | Found a stormy altar of Qazlal.
  2871 | D:3      | Reached skill level 5 in Dodging
  2871 | D:3      | Reached XP level 6. HP: 45/45 MP: 9/13
  2906 | D:3      | Learned a level 5 spell: Blade Hands
  2948 | D:4      | Reached XP level 7. HP: 36/49 MP: 9/14
  3049 | D:4      | Reached skill level 5 in Fighting
  3180 | D:4      | Noticed Blork the orc
  3184 | D:4      | Reached skill level 5 in Spellcasting
  3190 | D:4      | Killed Blork the orc
  3433 | D:5      | Entered Level 5 of the Dungeon
  3442 | D:5      | Reached XP level 8. HP: 36/55 MP: 15/15
  3495 | D:5      | Found Yrioqeyxt's Book Shop.
  3719 | D:5      | Noticed Ijyb
  3724 | D:5      | Killed Ijyb
  3773 | D:5      | Found a burning altar of Makhleb.
  3799 | D:5      | Noticed an Executioner
  3802 | D:5      | Noticed a ynoxinul
  3802 | D:5      | Noticed a ynoxinul
  3844 | D:5      | Noticed a hippogriff
  3853 | D:5      | Killed a hippogriff
  3974 | D:5      | Noticed Sigmund
  3982 | D:5      | Killed Sigmund
  3982 | D:5      | Reached XP level 9. HP: 46/61 MP: 17/17
  5126 | D:6      | Found an iron altar of Okawaru.
  5216 | D:6      | Found a staircase to the Ecumenical Temple.
  5230 | Temple   | Entered the Ecumenical Temple
  5401 | Temple   | Became a worshipper of Cheibriados the Contemplative
  5609 | D:6      | You fall through a shaft for 3 floors!
  5730 | D:8      | HP: 1/62 [something (5)]
  5731 | D:8      | Slain by a sky beast

Skill      XL: |  1  2  3  4  5  6  7  8  9 |
---------------+----------------------------+-----
Transmutations | 3 7 8 |  8.5
Fighting       | 4 5 |  5.7
Unarmed Combat | 7 8 |  8.9
Dodging        | 5 6 |  6.1
Spellcasting   | 4 5 |  5.5

Action                   |  1- 3 |  4- 6 |  7- 9 || total
-------------------------+-------+-------+-------++-------
Melee: Unarmed           |    57 |   105 |   229 ||   391
       Constrict         |    20 |    30 |    46 ||    96
       Tentacles         |    11 |    16 |    36 ||    63
       Kick              |    12 |    15 |     1 ||    28
       Punch             |     2 |     1 |     5 ||     8
 Cast: Beastly Appendage |    12 |     9 |     3 ||    24
       Blade Hands       |       |     1 |    27 ||    28
  Use: Potion            |     2 |     3 |     2 ||     7
       Scroll            |       |     9 |       ||     9
 Stab: Sleeping          |     5 |     1 |     4 ||    10
       Distracted        |       |     1 |       ||     1
       Invisible         |       |     1 |       ||     1
  Eat: Chunk             |       |     6 |    17 ||    23
Armor: Skin              |     4 |    18 |    31 ||    53
Dodge: Dodged            |    33 |   106 |   179 ||   318
